 Dungeon Crawl Stone Soup version 0.28.0 (webtiles) character file.

Game seed: 4766981520248354972

9 Prodoman the Magician (level 2, 19/19 HPs)
             Began as a Demonspawn Hedge Wizard on Feb 4, 2022.
             Quit the game on level 1 of the Dungeon.
             The game lasted 00:01:05 (345 turns).

Prodoman the Magician (Demonspawn Hedge Wizard)      Turns: 345, Time: 00:01:06

Health: 19/19      AC:  3    Str: 10    XL:     2   Next: 3%
Magic:  0/6        EV: 12    Int: 15    God:
Gold:   10         SH:  0    Dex: 12    Spells: 6/7 levels left

rFire   . . .      SeeInvis .   a - +0 dagger
rCold   . . .      Faith    .   (no shield)
rNeg    . . .      Spirit   .   b - +0 robe
rPois   .          Reflect  .   c - +0 hat
rElec   .          Harm     .   f - +0 cloak
rCorr   .          Rampage  .   (no gloves)
Will    .....                   (no boots)
Stlth   ++........              (no amulet)
HPRegen 0.06/turn               (no ring)
MPRegen 0.10/turn               (no ring)

@: no status effects
A: horns 1
a: no special abilities


You were on level 1 of the Dungeon.
You visited 1 branch of the dungeon, and saw 1 of its levels.

You collected 10 gold pieces.

Inventory:

Hand Weapons
 a - a +0 dagger (weapon)
Armour
 b - a +0 robe (worn)
 c - a +0 hat (worn)
 f - a +0 cloak (worn)
Scrolls
 d - a scroll of torment {unknown}
 e - a scroll of noise {unknown}


   Skills:
 + Level 1.9 Dodging
 + Level 1.9 Stealth
 * Level 3.1 Spellcasting
 + Level 1.2 Conjurations
 - Level 1.0 Summonings
 - Level 1.0 Translocations


You had 6 spell levels left.
You knew the following spells:

 Your Spells              Type           Power      Damage    Failure   Level
a - Magic Dart            Conj           24%        1d4       12%         1

Your spell library contained the following spells:

 Spells                   Type           Power      Damage    Failure   Level
 Call Imp                 Summ           5%         N/A       19%         2
 Slow                     Hex            8%         N/A       21%         1
 Blink                    Tloc           10%        N/A       21%         2
 Conjure Flame            Conj/Fire      4%         6-21      41%         3
 Mephitic Cloud           Conj/Pois/Air  3%         N/A       45%         3


Dungeon Overview and Level Annotations

Branches:
Dungeon (1/15)

Altars:


Innate Abilities, Weirdness & Mutations

You have a pair of small horns on your head.


Message History

You start putting on your armour.
You continue putting on your +0 cloak. x4
You finish putting on your +0 cloak.
Found 28 sling bullets.
You now have 10 gold pieces.
A kobold and a hobgoblin come into view.
Casting: Magic Dart (safe; 12% risk of failure)
Confirm with . or Enter, or press ? or * to list all spells.
Aiming: Magic Dart (safe; 12% risk of failure)
Press: ? - help, Shift-Dir - straight line, f - kobold
Aim: a kobold, wielding a +0 whip and quivering stones (asleep, 100% to hit)
The magic dart hits the kobold.
You kill the kobold!
Casting: Magic Dart (safe; 12% risk of failure)
Confirm with . or Enter, or press ? or * to list all spells.
Aiming: Magic Dart (safe; 12% risk of failure)
Press: ? - help, Shift-Dir - straight line, f - hobgoblin
Aim: a hobgoblin (asleep, 100% to hit)
The magic dart hits the hobgoblin.
The hobgoblin is severely wounded.
The hobgoblin shouts!
You hear an angry hiss.
Casting: Magic Dart (safe; 12% risk of failure)
Confirm with . or Enter, or press ? or * to list all spells.
Aiming: Magic Dart (safe; 12% risk of failure)
Press: ? - help, Shift-Dir - straight line, f/p - hobgoblin
Aim: a hobgoblin (severely wounded, 100% to hit)
The magic dart hits the hobgoblin.
The hobgoblin is almost dead.
Casting: Magic Dart (safe; 12% risk of failure)
Confirm with . or Enter, or press ? or * to list all spells.
Aiming: Magic Dart (safe; 12% risk of failure)
Press: ? - help, Shift-Dir - straight line, f/p - hobgoblin
Aim: a hobgoblin (almost dead, 100% to hit)
The magic dart hits the hobgoblin.
You kill the hobgoblin!
A ball python comes into view.
The ball python moves out of view.
You have reached level 2!
Your demonic ancestry asserts itself...
A pair of horns grows on your head!
Are you sure you want to abandon this character and quit the game? (Confirm with "yes".)

...... ##8.... #....)
##.... ....#+#### #
###.#.#....########
#.#.................#
#..$.@..####.#......#
####...##....#......#
#........##......+
#.###(.#.##......##
#. #+##+##........ #.
#........ #.
+....)... #.
########. #.


There were no monsters in sight!

Vanquished Creatures
  A goblin (D:1)
  A hobgoblin (D:1)
  2 jackals (D:1)
  2 kobolds (D:1)
  A ball python (D:1)
  A rat (D:1)
8 creatures vanquished.

Notes
Turn   | Place    | Note
-------+----------+-------------------------------------------
     0 | D:1      | Prodoman the Demonspawn Hedge Wizard began the quest for
                  | the Orb.
     0 | D:1      | Reached XP level 1. HP: 13/13 MP: 4/4
   143 | D:1      | Reached skill level 1 in Translocations
   345 | D:1      | Gained mutation: You have a pair of small horns on your
                  | head. [demonic ancestry]
   345 | D:1      | Reached XP level 2. HP: 19/19 MP: 0/6
   345 | D:1      | Quit the game

Illustrated notes

Levels and vault maps discovered:
D:1:      dpeg_arrival_connections, layout_basic, serial_shops, shop,
          nicolae_shop_statue_plus, nicolae_shop_waterfront

Skill      XL: |  1 |
---------------+----+-----
Translocations | 1 |  1.0
Dodging        | |  1.9
Stealth        | |  1.9
Spellcasting   | |  3.1
Conjurations   | |  1.2
Summonings     | |  1.0

Action                   || total
-------------------------++-------
Melee: Dagger            ||    11
 Cast: Magic Dart        ||    15
Armor: Robe              ||     3
Dodge: Dodged            ||     7
